 Dungeon Crawl Stone Soup version 0.31-a0-765-g67fe2935dc (webtiles) character file.

Game seed: 7609664377158535506

94 Bnni the Digger (level 4, -10/32 HPs)
             Began as a Formicid Earth Elementalist on Sept 16, 2023.
             Was an Initiate of Cheibriados.
             Mangled by Sigmund
             ... wielding a +0 scythe
              (12 damage)
             ... on level 2 of the Dungeon.
             The game lasted 00:02:31 (1557 turns).

Bnni the Digger (Formicid Earth Elementalist)       Turns: 1557, Time: 00:02:32

Health: -10/32     AC:  2    Str: 14    XL:     4   Next: 94%
Magic:  7/7        EV: 12    Int: 17    God:    Cheibriados [......]
Gold:   117        SH:  0    Dex: 15    Spells: 2/8 levels left

rFire   . . .        f - +2 dagger (venom)
rCold   . . .        (no shield)
rNeg    . . .        a - +0 robe
rPois   .            (helmet unavailable)
rElec   .            (no cloak)
rCorr   .            (no gloves)
SInv    +            (no boots)
Will    .....        (no amulet)
Stlth   ++           (no ring)
HPRegen 0.25/turn    (no ring)
MPRegen 0.10/turn

%: no passive effects
@: mighty, very slow
A: permanent stasis, dig shafts and tunnels, antennae 3, four strong arms
a: Dig, Shaft Self, Renounce Religion


You were on level 2 of the Dungeon.
You worshipped Cheibriados.
Cheibriados was noncommittal.
You visited 1 branch of the dungeon, and saw 2 of its levels.

You collected 117 gold pieces.

Inventory:

Hand Weapons
 f - a +2 dagger of venom (weapon)
Missiles
 h - 2 throwing nets
Armour
 a - a +0 robe (worn)
 c - a +0 ring mail
Scrolls
 d - a scroll of poison {unknown}
 e - a scroll of blinking {unknown}
 g - 2 scrolls of teleportation {unknown}
 i - a scroll of butterflies {unknown}
Potions
 b - a potion of magic


   Skills:
 + Level 1.4 Fighting
 - Level 1.7 Dodging
 - Level 2.4 Stealth
 + Level 2.5 Spellcasting
 * Level 1.4 Conjurations
 * Level 2.3 Transmutations
 * Level 4.3 Earth Magic
 + Level 1.0 Invocations


You had 2 spell levels left.
You knew the following spells:

 Your Spells              Type           Power      Damage    Failure   Level
a - Sandblast             Erth           34%        2d9       3%          1
b - Passwall              Tmut/Erth      10%        N/A       7%          2
c - Stone Arrow           Conj/Erth      24%        3d8       17%         3

Your spell library contained the following spells:

 Spells                   Type           Power      Damage    Failure   Level
 Lesser Beckoning         Tloc           4%         N/A       28%         2
 Petrify                  Tmut/Erth      13%        N/A       41%         4
 Gell's Gravitas          Tloc           2%         N/A       50%         3
 Teleport Other           Tloc           2%         N/A       50%         3
 Manifold Assault         Tloc           2%         N/A       88%         4
 Blink                    Tloc           Unusable   N/A       N/A         2

Dungeon Overview and Level Annotations

Branches:
Dungeon (2/15)

Altars:
Cheibriados

Annotations:
D:2 Sigmund


Innate Abilities, Weirdness & Mutations

You cannot be hasted, slowed, berserked, paralysed or teleported.
You can dig through walls and to a lower floor.
You have a pair of large antennae on your head. (SInv)
Your four strong arms can wield two-handed weapons with a shield.


Message History

You hit the bat.
The bat is poisoned.
The bat is severely wounded.
You kill the bat!
Cheibriados thoroughly appreciates the change of pace.
No target in view!
Sigmund casts a spell at you. You resist with some effort.
Sigmund hits you from afar with a +0 scythe.
There is an open door, spattered with blood here.
Sigmund says, "Look into my eyes."
Sigmund gestures at you while chanting.
You are confused.
You are too confused!
You closely miss Sigmund. Sigmund closely misses you.
You barely miss Sigmund. Sigmund hits you but does no damage.
You miss Sigmund.
Sigmund points at you and mumbles some strange words.
You are more confused.
Sigmund closely misses you.
Sigmund hits you from afar with a +0 scythe.
You bump into the rock wall.
Sigmund points at you and mumbles some strange words.
The magic dart hits you! Sigmund closely misses you.
You bump into the rock wall.
Sigmund barely misses you.
You completely miss Sigmund.
You feel less confused. Sigmund hits you with a +0 scythe.
You closely miss Sigmund. Sigmund hits you with a +0 scythe.
* * * LOW HITPOINT WARNING * * *
You closely miss Sigmund. You closely miss Sigmund.
Sigmund completely misses you.
You closely miss Sigmund. Sigmund hits you with a +0 scythe!
* * * LOW HITPOINT WARNING * * *
It was a potion of might.
You feel very mighty all of a sudden.
You barely miss Sigmund. Sigmund hits you with a +0 scythe!
You die...
Sigmund begins carving another notch in his scythe.

###.#
###..##....#
##..#
##8..8##..#
....#
+...†..'†.#
.##.#
#..##.†#..#
.##.# ###
####..##
.#### #....#
....# #....#
#####{
###+####'##
......)@..#
.......@..#
..##..#####
###


You could see Sigmund.

Vanquished Creatures
  4 gnolls (D:2)
  2 dart slugs
  A worm (D:2)
  4 endoplasms
  2 giant cockroaches
  2 goblins
  4 hobgoblins (D:1)
  9 jackals
  2 kobolds
  3 quokkas
  2 ball pythons
  5 bats
  5 frilled lizards
  A rat (D:1)
46 creatures vanquished.

Notes
Turn   | Place    | Note
-------+----------+-------------------------------------------
     0 | D:1      | Bnni the Formicid Earth Elementalist began the quest for
                  | the Orb.
     0 | D:1      | Reached XP level 1. HP: 13/13 MP: 3/3
     5 | D:1      | Found a faded altar of an unknown god.
   198 | D:1      | Reached XP level 2. HP: 19/19 MP: 3/5
   315 | D:1      | Reached skill level 4 in Earth Magic
   387 | D:1      | Reached XP level 3. HP: 25/25 MP: 4/6
   390 | D:1      | Learned a level 2 spell: Passwall
   394 | D:1      | Learned a level 3 spell: Stone Arrow
   829 | D:1      | Reached skill level 1 in Conjurations
   919 | D:2      | Reached skill level 1 in Fighting
  1043 | D:2      | Found a snail-covered altar of Cheibriados.
  1071 | D:2      | Became a worshipper of Cheibriados the Contemplative
  1159 | D:2      | Reached XP level 4. HP: 32/32 MP: 5/7
  1465 | D:2      | Reached skill level 1 in Invocations
  1534 | D:2      | Noticed Sigmund
  1555 | D:2      | HP: 1/32 [Sigmund/+0 scythe (8)]
  1557 | D:2      | Mangled by Sigmund

Illustrated notes

Levels and vault maps discovered:
D:1:      nzn_arrival_crosshair, layout_basic, basic_ecumenical_altar
D:2:      minmay_chambers_of_twos, layout_rooms, basic_altar, uniq_sigmund

Skill      XL: |  1  2  3  4 |
---------------+-------------+-----
Earth Magic    | 4 |  4.3
Conjurations   | 1 |  1.4
Fighting       | 1 |  1.4
Transmutations | 2 |  2.3
Invocations    | 1 |  1.0
Dodging        | |  1.7
Stealth        | |  2.4
Spellcasting   | |  2.5

Action                     |  1- 3 |  4- 6 || total
---------------------------+-------+-------++-------
  Melee: Unarmed           |     7 |       ||     7
         Dagger            |       |    14 ||    14
   Cast: Sandblast         |    40 |    24 ||    64
    Use: Potion            |       |     1 ||     1
 Armour: Robe              |    16 |    18 ||    34
  Dodge: Dodged            |    23 |    14 ||    37

Table legend: (Time is in decaauts)
 A = Elapsed time spent in this place.
 B = Non-inter-level travel time spent in this place.
 C = Inter-level travel time spent in this place.
 D = Time resting spent in this place.
 E = Time spent auto-exploring this place.
 F = Levels seen in this place.
 G = Mean time per level.
                   A        B        C        D        E       F      G
               +--------+--------+--------+--------+--------+-----+--------+
         Total |   1634 |   1604 |     30 |    117 |   1176 |   2 |  817.0 |
       Dungeon |   1634 |   1604 |     30 |    117 |   1176 |   2 |  817.0 |
               +--------+--------+--------+--------+--------+-----+--------+

Top non-repeatable levels by time:
     D:1: 876 daAuts
     D:2: 758 daAuts
